 Dungeon Crawl Stone Soup version 0.31-a0-640-g39d97e502b (webtiles) character file.

Game seed: 10060968192449316715

14 GordonOverkill the Sneak (level 2, -1/16 HPs)
             Began as a Vine Stalker Delver on Aug 28, 2023.
             Shot with an arrow by a centaur (6 damage)
             ... on level 4 of the Dungeon.
             The game lasted 00:02:53 (450 turns).

GordonOverkill the Sneak (Vine Stalker Delver)       Turns: 450, Time: 00:02:53

Health: -1/16      AC:  3    Str: 14    XL:     2   Next: 45%
Magic:  0/3        EV: 12    Int: 10    God:
Gold:   21         SH:  0    Dex: 15    Spells: 1/1 levels left

rFire   . . .        a - +0 spear
rCold   . . .        (no shield)
rNeg    + . .        b - +0 leather armour
rPois   .            (no helmet)
rElec   .            (no cloak)
rCorr   .            (no gloves)
SInv    .            (no boots)
Will    .....        (no amulet)
Stlth   +++          e - ring of positive energy
HPRegen 0.22/turn    (no ring)
MPRegen 0.08/turn

%: guardian spirit
@: no status effects
A: fangs 2, magic shield, antimagic bite, no potion heal 2
a: no special abilities


You were on level 4 of the Dungeon.
You visited 1 branch of the dungeon, and saw 3 of its levels.

You collected 21 gold pieces.

Inventory:

Hand Weapons
 a - a +0 spear (weapon)
Armour
 b - a +0 leather armour (worn)
 i - a +0 chain mail
Jewellery
 e - a ring of positive energy (left hand)
Wands
 g - a wand of digging (3)
Scrolls
 c - a scroll of fog
 h - a scroll of amnesia {unknown}
Potions
 f - a potion of brilliance {unknown}


   Skills:
 - Level 3.0 Fighting
 + Level 2.1 Polearms
 - Level 2.0 Dodging
 - Level 6.0 Stealth


You had one spell level left.
You didn't know any spells.
Your spell library was empty.

Dungeon Overview and Level Annotations

Branches:
Dungeon (6/15)             Temple (0/1) D:5

Altars:

Annotations:
D:5 exclusions: downstairs, gnoll and gnoll sergeant, Pikel, Prince Ribbit


Innate Abilities, Weirdness & Mutations

You have extremely sharp teeth.
When hurt, damage is shared between your health and your magic reserves.
Your bite disrupts and absorbs the magic of your enemies.
Potions cannot restore your health.


Message History

There is an open door here.
You open the door.
There is an open door here.
You open the door.
There is an open door here.
You open the door.
There is an open door here.
You open the door.
There is an open door here.
There is an open door here.
There is an open door here.
There is an open door here.
You open the door.
A centaur comes into view.
There is an open door here.
You close the door.
There is an open door here.
There is an open door here.
A hound is nearby!
Okay, then.
As you read the scroll of revelation, it crumbles to dust.
You feel aware of your surroundings.
You sensed 2 altars.
There is an open door here.
There is an open door here.
You open the door.
The centaur wields a +0 orcbow.
The centaur shoots an arrow.
The arrow barely misses you.
There is an open door here.
Found a manual of Dodging.
The centaur shoots an arrow.
The arrow hits you!
Ouch! That really hurt!
* * * LOW HITPOINT WARNING * * *
The centaur shouts!
You hear a bark!
The centaur shoots an arrow.
The arrow barely misses you.
The centaur shoots an arrow.
The arrow closely misses you.
The centaur wields a +0 shortbow.
The centaur shoots an arrow.
The arrow hits you.
* * * LOW HITPOINT WARNING * * *
The centaur shoots an arrow.
The arrow hits you!
You die...

..#....#....# *,,,,,,*,,+,,
..'....'....# *,,,,,,*,,*,,
..########'##### ***,,,,,,*,,*,,
..#....##..##..## *,,,,*****,,*,,
..#....#........# **,,,,,,,,,,**+
..#....'........# *,,,,,,,,,,*,,
..#....#........# *,,,,,,,,,,+,,
..###..####'#########+##,****,***
....#..##.......@......#+********
....'...#..............#,,,,*,,,,
....#...#....!.h.......#,,,,+,,,,
....###)...............#*+*******
##......##c##..#+##.....,,,,,,,,,
##.....##...##..,,+.....,,,,,,,,,
##.....#.#.,.#...,*,....,,,,,,,,,
##.......#c*,.....*,....,,,,,,,,,
##.....#...#.#.,***,,,,,,,,,,,,,,


You could see a centaur and a hound.

Vanquished Creatures
  An adder (D:5)
  An orc (D:4)
  An endoplasm (D:4)
  A hobgoblin (D:4)
  A ball python (D:4)
5 creatures vanquished.

Notes
Turn   | Place    | Note
-------+----------+-------------------------------------------
     0 | D:5      | GordonOverkill the Vine Stalker Delver began the quest for
                  | the Orb.
     0 | D:5      | Reached XP level 1. HP: 11/11 MP: 2/2
     1 | D:6      | Noticed a sleepcap
     5 | D:5      | Noticed a lemure
    36 | D:5      | Noticed a gnoll sergeant
    56 | D:5      | Noticed Prince Ribbit
    62 | D:5      | Noticed a lemure
    87 | D:5      | Noticed a lemure
    88 | D:5      | Noticed Pikel
    98 | D:5      | Found a staircase to the Ecumenical Temple.
    98 | D:5      | Noticed a scorpion
   107 | D:5      | Noticed a hound
   113 | D:5      | Reached XP level 2. HP: 11/16 MP: 3/3
   113 | D:5      | Noticed a shadow
   139 | D:5      | Noticed a lemure
   272 | D:4      | Noticed a centaur
   395 | D:4      | Noticed a centaur
   450 | D:4      | Shot with an arrow by a centaur

Illustrated notes

Levels and vault maps discovered:
D:4:      layout_gridville, kennysheep_orc_sif_temple,
          mainiacjoe_overflow_catwalk, minmay_manual_mares, uniq_duvessa
D:5:      layout_loops_ring, mainiacjoe_overflow_brackets,
          minmay_temple_entry_slanted, uniq_ijyb, uniq_prince_ribbit1,
          uniq_pikel
D:6:      layout_loops_ring, marbit_many_paths

Skill      XL: |  1  2 |
---------------+-------+-----
Fighting       | 3 |  3.0
Polearms       | 2 |  2.1
Dodging        | 2 |  2.0
Stealth        | |  6.0

Action                     || total
---------------------------++-------
  Melee: Spear             ||    20
         Bite              ||     6
    Use: Scroll            ||     2
         Potion            ||     1
   Stab: Sleeping          ||     2
 Armour: Leather armour    ||     3
  Dodge: Dodged            ||    10

Table legend: (Time is in decaauts)
 A = Elapsed time spent in this place.
 B = Non-inter-level travel time spent in this place.
 C = Inter-level travel time spent in this place.
 D = Time resting spent in this place.
 E = Time spent auto-exploring this place.
 F = Levels seen in this place.
 G = Mean time per level.
                   A        B        C        D        E       F      G
               +--------+--------+--------+--------+--------+-----+--------+
         Total |    432 |    421 |     11 |     38 |      0 |   3 |  144.0 |
       Dungeon |    432 |    421 |     11 |     38 |      0 |   3 |  144.0 |
               +--------+--------+--------+--------+--------+-----+--------+

Top non-repeatable levels by time:
     D:4: 308 daAuts
     D:5: 122 daAuts
     D:6: 1 daAuts
